 Dungeon Crawl Stone Soup version 0.18.1-48-g4cf74bf (webtiles) character file.

96 pokedragonboy the Poker (level 4, 0/35 HPs)
             Began as a Merfolk Gladiator on Sept 5, 2016.
             Slain by a kobold (2 damage)
             ... on level 3 of the Dungeon.
             The game lasted 00:15:17 (2242 turns).

pokedragonboy the Poker (Merfolk Gladiator)         Turns: 2242, Time: 00:15:17

Health: 0/35       AC:  7    Str: 16    XL:     4   Next: 67%
Magic:  4/4        EV: 13    Int:  7    God:
Gold:   101        SH:  0    Dex: 14    Spells: 0 memorised, 3 levels left

rFire  . . .     SeeInvis .     a - +0 trident
rCold  . . .     Gourm    .     f - +0 ring mail
rNeg   . . .     Faith    .     (no shield)
rPois  .         Spirit   .     c - +1 helmet
rElec  .         Dismiss  .     (no cloak)
rCorr  .         Reflect  .     (no gloves)
SustAt .         Harm     .     (no boots)
MR     .....                    i - amulet of rage
Stlth  +.........               (no ring)
                                (no ring)

@: not resistant to hostile enchantments, very unstealthy
A: change form in water, swift swim
a: Evoke Berserk Rage


You were on level 3 of the Dungeon.
You were not hungry.

You visited 1 branch of the dungeon, and saw 3 of its levels.

You collected 101 gold pieces.

Inventory:

Hand Weapons
 a - a +0 trident (weapon)
 g - a +0 short sword
Missiles
 d - 2 throwing nets (quivered)
Armour
 b - a +0 leather armour
 c - a +1 helmet (worn)
 f - a +0 ring mail (worn)
Jewellery
 i - an amulet of rage (around neck)
 j - a cursed ring of loudness
Scrolls
 h - 5 scrolls of remove curse
 k - 2 scrolls of identify
Potions
 e - a potion of haste {unknown}
 l - a potion of might {unknown}
 m - 2 potions of curing
 o - a potion of lignification {unknown}
 p - a potion of degeneration {unknown}
Comestibles
 n - a meat ration


   Skills:
 + Level 3.0 Fighting
 + Level 5.5 Polearms
 + Level 2.0 Throwing
 + Level 1.0 Armour
 + Level 4.9 Dodging
 + Level 0.5 Stealth


You had 3 spell levels left.
You didn't know any spells.

Dungeon Overview and Level Annotations

Branches:
Dungeon (3/15)

Altars:
Ashenzari
Cheibriados
Zin
The Shining One

Annotations:
D:3 Endobalistic's ghost, amateur HuMo


Message History

* * * LOW HITPOINT WARNING * * *
The goblin hits you but does no damage.
The quokka bites you but does no damage.
The goblin completely misses you. The quokka closely misses you.
The orc hits you.
* * * LOW HITPOINT WARNING * * *
The quokka bites you but does no damage.
The hobgoblin barely misses you. The orc closely misses you.
The orc hits you with a dagger.
* * * LOW HITPOINT WARNING * * *
The orc barely misses you. The orc hits you but does no damage.
The orc barely misses you. The orc closely misses you. The kobold hits you.
* * * LOW HITPOINT WARNING * * *
The orc closely misses you.
You see here a stone.
Unknown command.
The kobold hits you.
You die...

#...###.#$.)}.##+##.}#
#.........#.........#
#..<##....###......$#####
.. ##.#...#.......#...#
.$###.+...'..._.$.'...#
.$....#...#goro...#...#
##...###ooo....##.##
#....#..(Kg.(......
#....#}.(@'##.}#...#
##...####...#### #..
#....o..........
#......#^..#..##
#......##..#..#
######..........
######### .


You could see 5 orcs, a quokka, a hobgoblin, a goblin and a kobold.

Vanquished Creatures
  A gnoll (D:2)
  4 adders (D:2)
  3 worms (D:2)
  A dart slug (D:2)
  A giant gecko (D:2)
  3 giant cockroaches
  5 goblins
  4 hobgoblins
  11 bats
  A giant newt (D:1)
  3 kobolds
  6 rats
43 creatures vanquished.

Notes
Turn   | Place    | Note
--------------------------------------------------------------
     0 | D:1      | pokedragonboy the Merfolk Gladiator began the quest for the Orb.
     0 | D:1      | Reached XP level 1. HP: 16/16 MP: 1/1
   257 | D:1      | Reached XP level 2. HP: 23/23 MP: 2/2
   293 | D:1      | Found a glowing golden altar of the Shining One.
   530 | D:1      | Reached skill level 5 in Polearms
  1060 | D:2      | Reached XP level 3. HP: 18/28 MP: 3/3
  1468 | D:2      | Reached XP level 4. HP: 34/34 MP: 4/4
  1668 | D:2      | Reached skill level 1 in Armour
  1767 | D:2      | Found a glowing silver altar of Zin.
  2175 | D:3      | Found a snail-covered altar of Cheibriados.
  2179 | D:3      | Noticed Endobalistic's ghost (amateur HuMo)
  2223 | D:3      | Found a shattered altar of Ashenzari.
  2242 | D:3      | Slain by a kobold

Skill      XL: |  1  2  3  4 |
---------------+-------------+-----
Polearms       | 5 |  5.5
Armour         | 1 |  1.0
Fighting       | 3 |  3.0
Throwing       | |  2.0
Dodging        | |  4.9
Stealth        | |  0.5

Action                   |  1- 3 |  4- 6 || total
-------------------------+-------+-------++-------
Melee: Trident           |   108 |    48 ||   156
Throw: Throwing net      |     4 |     1 ||     5
  Use: Scroll            |     3 |     4 ||     7
       Potion            |       |     1 ||     1
 Stab: Held in net/web   |     1 |       ||     1
  Eat: Beef jerky        |     1 |       ||     1
       Bread ration      |       |     1 ||     1
Armor: Leather armour    |    20 |     2 ||    22
       Ring mail         |       |    13 ||    13
       Skin              |       |     1 ||     1
Dodge: Dodged            |    47 |    56 ||   103
